[Event "Early-Titled-Tuesday-Blitz-January-30-2024"]
[Site "Chess.com"]
[Date "2024.01.30"]
[Round "3"]
[White "AwareIdea"]
[Black "vasblesk"]
[Result "1/2-1/2"]
[WhiteElo "2525"]
[BlackElo "2764"]
[TimeControl "180+1"]
[EndTime "8:30:27 PST"]
[Termination "Game drawn by repetition"]

1. d4 d5 2. c4 c6 3. Nf3 Nf6 4. e3 e6 5. b3 Nbd7 6. Bd3 Bd6 7. Bb2 O-O 8. O-O b6 9. Qc2 Bb7 10. Nbd2 c5 11. cxd5 exd5 12. Rac1 Rc8 13. Qb1 a6 14.
Ne5 h6 15. f4 Re8 16. Bf5 Rc7 17. Ndf3 cxd4 18. exd4 Nf8 19. Nd2 Ne6 20. g3 Rxc1 21.
Rxc1 b5 22. Qd3 Nf8 23. a3 Qe7 24. b4 g6 25. Bh3 Ne4 26. Nxe4 dxe4 27. Qb3 e3 28. d5 f6 29. Nc6 Qe4 30. Bg2 Qf5 31. Nd4 Qd7 32. Ne6 e2 33. Re1 Nxe6 34. dxe6 Qc7 35. Rxe2 Bxg2 36. Kxg2 Qc6+ 37. Qf3 Qc4 38. Qe4 f5 39. Qd4 Qxe2+ 40. Kh3 Be5 41. Qd7 Qg4+ 42. Kg2 Qe2+ 43. Kh3 Qh5+ 44. Kg2 Qe2+ 45. Kh3 1/2-1/2

[Event "Early-Titled-Tuesday-Blitz-January-30-2024"]
[Site "Chess.com"]
[Date "2024.01.30"]
[Round "3"]
[White "nindjaxx8"]
[Black "LimeInTheCoconut"]
[Result "0-1"]
[WhiteElo "2612"]
[BlackElo "2472"]
[TimeControl "180+1"]
[EndTime "8:30:27 PST"]
[Termination "LimeInTheCoconut won by resignation"]

1. d4 d5 2. c4 e6 3. Nc3 Bb4 4. cxd5 exd5 5. Nf3 Ne7 6. Bf4 O-O 7. e3 c6 8. Bd3 Bf5 9. O-O Nd7 10. a3 Bxc3 11.
bxc3 Bxd3 12. Qxd3 Nb6 13. Rab1 Nec8 14. Rb3 Nd6 15.
Bxd6 Qxd6 16. Rfb1 Nc4 17. Rxb7 Nxa3 18. R1b3 Nc4 19.
Rb1 a5 20. Ng5 Qg6 21. Qxg6 hxg6 22. Nf3 a4 23. Ra1 a3 24. Kf1 Rfb8 25. Rxb8+ Rxb8 26. Ne1 Rb3 27. Nd3 Rxc3 28. Nb4 Na5 29. Ke2 Nb3 30. Rf1 Rc4 31. Nd3 a2 32. Kf3 a1=Q 33.
Rxa1 Nxa1 34. Ne5 0-1

[Event "Early-Titled-Tuesday-Blitz-January-30-2024"]
[Site "Chess.com"]
[Date "2024.01.30"]
[Round "3"]
[White "Shield12"]
[Black "Alexchess1984"]
[Result "1-0"]
[WhiteElo "3012"]
[BlackElo "2740"]
[TimeControl "180+1"]
[EndTime "8:30:28 PST"]
[Termination "Shield12 won by resignation"]

1. e4 c5 2. Nf3 Nc6 3. Bb5 Nf6 4. Nc3 Qc7 5. O-O Nd4 6. Re1 a6 7. Bf1 d6 8. Nxd4 cxd4 9. Nd5 Nxd5 10. exd5 g6 11.
d3 Bg7 12. Bg5 e5 13. dxe6 Bxe6 14. Be2 O-O 15. Bf3 Rac8 16. Re2 b5 17. Qd2 a5 18.
Bh6 b4 19. Bxg7 Kxg7 20. a3 Qc5 21. h4 h6 22. axb4 axb4 23. Ra4 Rb8 24. Qf4 Rfc8 25.
Ra6 b3 26. cxb3 Qc1+ 27. Qxc1 Rxc1+ 28. Kh2 Rxb3 29. Rd2 Rb1 30. Rxd6 R1xb2 31. Rxb2 Rxb2 32. Kg3 Rb4 33. Bd5 Bxd5 34. Rxd5 Kf6 35. Kf4 Ke6 36. Re5+ Kf6 37. g4 Rb2 38. g5+ hxg5+ 39. hxg5+ Kg7 40.
f3 Rd2 41. Ke4 Rf2 42. Rd5 f5+ 43. Kf4 Kf7 44. Rxd4 Rh2 45. Rd7+ Ke6 46. Rg7 Rh4+ 47. Kg3 Rd4 48. Rxg6+ Ke5 49. Rg8 Rd6 50. Re8+ Kd4 51.
Kf4 Kxd3 52. Kxf5 1-0

[Event "Early-Titled-Tuesday-Blitz-January-30-2024"]
[Site "Chess.com"]
[Date "2024.01.30"]
[Round "3"]
[White "GroovyKettle"]
[Black "Paladin61"]
[Result "1-0"]
[WhiteElo "2986"]
[BlackElo "2734"]
[TimeControl "180+1"]
[EndTime "8:30:28 PST"]
[Termination "GroovyKettle won on time"]

1. e4 e6 2. Bb5 c5 3. c4 a6 4. Ba4 b6 5. Nc3 Bb7 6. Nf3 Nf6 7. e5 Ne4 8. Nxe4 Bxe4 9. O-O Nc6 10. Re1 Bxf3 11.
Qxf3 Nd4 12. Qg3 g6 13. d3 b5 14. Bd1 Rb8 15. b3 Qa5 16. Rf1 h5 17. Bb2 Nf5 18. Qf3 Bh6 19. g3 Qd2 20. Rb1 h4 21. g4 Ne7 22. Qf6 Rh7 23. Qf3 Nc6 24. Qe4 Nb4 25. Be2 Qf4 26. Qg2 Nc6 27. Rbe1 Bg7 28. Bc1 Qd4 29. Kh1 h3 30. Qg3 Bxe5 31. f4 Bc7 32.
Bf3 Qd6 33. Be4 Nd4 34. Qg1 Ba5 35. Re3 Kd8 36. f5 1-0

[Event "Early-Titled-Tuesday-Blitz-January-30-2024"]
[Site "Chess.com"]
[Date "2024.01.30"]
[Round "3"]
[White "gahryman"]
[Black "WindWhistler11"]
[Result "1-0"]
[WhiteElo "2658"]
[BlackElo "2472"]
[TimeControl "180+1"]
[EndTime "8:30:28 PST"]
[Termination "gahryman won by resignation"]

1. e4 e6 2. d4 d5 3. e5 c5 4. Nf3 Nc6 5. Bd3 Bd7 6. O-O Nb4 7. Be2 cxd4 8. a3 Nc6 9. Bd3 Nge7 10. Nbd2 Ng6 11. Re1 Qc7 12. Bxg6 hxg6 13. Nb3 Be7 14.
Nbxd4 a6 15. c3 Rh5 16. Bf4 g5 17. Bg3 g6 18. h3 O-O-O 19. Rc1 Na5 20. Nh2 Nc4 21. Qe2 Kb8 22. Ng4 Rc8 23. a4 Bxa4 24.
b3 Bxb3 25. Nxb3 Rhh8 26. Nd4 Bc5 27. Rb1 Ka8 28. Nf6 Rb8 29. Ra1 Rhc8 30. Reb1 Ba7 31. Qa2 Nb6 32. Nb5 Qc4 33. Nxa7 Kxa7 34. Qb2 Rc6 35. f3 Qxc3 36. Bf2 Qxb2 37. Rxb2 d4 38. Bxd4 Rbc8 39. Rxb6 Rxb6 40. Rb1 Rc6 41. Rxb6 Rxb6 42. Nd7 a5 43. Bxb6+ Ka6 44. Be3 b5 45. Bxg5 b4 46. Be7 Kb5 47. Kf2 Kc4 48. h4 Kd4 49. g4 b3 50. Ba3 Kc3 51. h5 gxh5 52. gxh5 b2 53. Bxb2+ Kxb2 54. Nc5 Kc3 55. h6 Kd4 56. Na4 Kxe5 57. h7 1-0

[Event "Early-Titled-Tuesday-Blitz-January-30-2024"]
[Site "Chess.com"]
[Date "2024.01.30"]
[Round "3"]
[White "Savagelittlemole"]
[Black "vladgoncharov"]
[Result "1/2-1/2"]
[WhiteElo "2474"]
[BlackElo "2632"]
[TimeControl "180+1"]
[EndTime "8:30:28 PST"]
[Termination "Game drawn by agreement"]

1. e4 e6 2. d4 d5 3. Nd2 c5 4. exd5 Qxd5 5. Ngf3 cxd4 6. Bc4 Qd8 7. O-O Nc6 8. Nb3 Nf6 9. Nbxd4 Nxd4 10. Nxd4 Qc7 11. Qe2 a6 12. Bg5 Be7 13. Rfe1 Nd5 14. Bxd5 Bxg5 15.
Bxe6 O-O 16. Bb3 b5 17. c3 Bb7 18. Qg4 Bf6 19. Nf5 Kh8 20. Ne3 Qc5 21. Rad1 Rad8 22.
Rxd8 Rxd8 23. Bxf7 a5 24. Qh3 b4 25. Bg6 h6 26.
Ng4 Bc8 27. Qf3 Bxg4 28. Qxg4 bxc3 29. bxc3 Qxc3 30. Rd1 Rxd1+ 31. Qxd1 Qa1 32. Qxa1 Bxa1 33. f3 Kg8 34. Kf2 Kf8 35. Ke3 Ke7 36. Kd3 Kf6 37.
Be8 Ke5 38. g3 g5 39. Bd7 Bb2 40. h4 Ba3 41. hxg5 hxg5 42. Bc6 Bb4 43. Ke3 Bc5+ 44. Kd3 Bf2 45. g4 Kf4 46. Kc4 Be1 47. a4 Bd2 1/2-1/2

[Event "Early-Titled-Tuesday-Blitz-January-30-2024"]
[Site "Chess.com"]
[Date "2024.01.30"]
[Round "3"]
[White "BJthechessgod"]
[Black "Manukyan_Artak"]
[Result "0-1"]
[WhiteElo "2414"]
[BlackElo "2606"]
[TimeControl "180+1"]
[EndTime "8:30:28 PST"]
[Termination "Manukyan_Artak won by checkmate"]

1. e4 c6 2. d4 d5 3. e5 Bf5 4. h4 h5 5. Bd3 Bxd3 6. Qxd3 e6 7. Bg5 Qb6 8. Nd2 Qa6 9. c4 Bb4 10. b3 Nh6 11. Nf3 Nf5 12. O-O Nd7 13. Rfd1 O-O 14.
a3 Bxd2 15. Nxd2 dxc4 16. Nxc4 Nb6 17. Qc2 Nd5 18. a4 b5 19. axb5 Qxb5 20. Ra5 Qb4 21. Bd2 Qe7 22. Bg5 Qb4 23. Bd2 Qb7 24. Bg5 Rfb8 25.
Rc5 Qxb3 26. Qxb3 Rxb3 27. Rxc6 a5 28. Ra1 a4 29. Nd6 Nxd4 30. Rc8+ Rxc8 31. Nxc8 a3 32. Ne7+ Kh7 33. Nxd5 exd5 34. Be7 Nc2 35. Ra2 Rb2 36. Rxa3 Nxa3 37. Bxa3 Re2 38. Bd6 d4 39. Kf1 d3 40.
f3 Kg6 41. g4 hxg4 42. fxg4 Re4 43. h5+ Kg5 44. Bf8 d2 45. Bxg7 d1=Q+ 46. Kf2 Qe2+ 47.
Kg3 Rxg4+ 48. Kh3 Qg2# 0-1

[Event "Early-Titled-Tuesday-Blitz-January-30-2024"]
[Site "Chess.com"]
[Date "2024.01.30"]
[Round "3"]
[White "chito89"]
[Black "dennisodessa"]
[Result "1-0"]
[WhiteElo "2894"]
[BlackElo "2620"]
[TimeControl "180+1"]
[EndTime "8:30:29 PST"]
[Termination "chito89 won by resignation"]

1. c4 e5 2. g3 Nc6 3. Bg2 Bc5 4.
e3 a6 5. Nc3 d6 6. Nge2 Ba7 7.
d4 Nf6 8. h3 O-O 9. O-O Bf5 10.
g4 Bg6 11. d5 Nb8 12. Ng3 Nbd7 13. Kh1 Ne8 14. f4 exf4 15. exf4 f5 16. g5 Nc5 17. Be3 Ne4 18. Qe1 Bxe3 19. Qxe3 Nxg3+ 20. Qxg3 Bf7 21. Ne2 g6 22. Nd4 Ng7 23. Rae1 Qd7 24. Qc3 Rfe8 25. Bf3 Rxe1 26. Rxe1 Re8 27. Kg2 Rxe1 28.
Qxe1 Ne8 29. b3 Kf8 30. Qc3 Qe7 31. Kf2 Ng7 32. h4 Be8 33. h5 gxh5 34. Ne6+ Kg8 35.
Qf6 Qxf6 36. gxf6 Nxe6 37. dxe6 Bg6 38. Kg3 c6 39. Kh4 h6 40. Bxh5 Bxh5 41. Kxh5 d5 42.
cxd5 cxd5 43. Kg6 d4 44. f7+ Kf8 45. Kf6 1-0

[Event "Early-Titled-Tuesday-Blitz-January-30-2024"]
[Site "Chess.com"]
[Date "2024.01.30"]
[Round "3"]
[White "tetrix83"]
[Black "HanSchut"]
[Result "1-0"]
[WhiteElo "2566"]
[BlackElo "2269"]
[TimeControl "180+1"]
[EndTime "8:30:29 PST"]
[Termination "tetrix83 won on time"]

1. e4 c5 2. Nf3 d6 3. Bb5+ Bd7 4. Bxd7+ Qxd7 5. O-O Nf6 6. e5 dxe5 7. Nxe5 Qc7 8.
d4 Nc6 9. Nxc6 Qxc6 10. dxc5 Rd8 11. Qe2 Qxc5 12. Be3 Qa5 13. Nd2 e6 14. Nb3 Qc7 15. a4 Nd5 16. Bd4 Bd6 17. g3 O-O 18. a5 Rc8 19. Rfc1 b6 20. axb6 axb6 21. c4 Ne7 22. Ra6 Rb8 23. Rca1 Nc6 24. Bc3 Bb4 25. Bxb4 Nxb4 26. Ra7 Rb7 27. Rxb7 Qxb7 28. Nd4 Rd8 29.
Nb5 Qc6 30. h4 h6 31. b3 Qc5 32. Rd1 Rxd1+ 33. Qxd1 Nc6 34. Qd3 e5 35. Qd5 Nd4 36. Nc3 Nxb3 37. Qa8+ Kh7 38. Qe4+ g6 39. h5 Qd4 40.
hxg6+ fxg6 41. Qb7+ Kh8 42. Ne4 1-0

[Event "Early-Titled-Tuesday-Blitz-January-30-2024"]
[Site "Chess.com"]
[Date "2024.01.30"]
[Round "3"]
[White "Nikolakis2014"]
[Black "anasta10"]
[Result "1-0"]
[WhiteElo "2756"]
[BlackElo "2510"]
[TimeControl "180+1"]
[EndTime "8:30:30 PST"]
[Termination "Nikolakis2014 won by resignation"]

1. Nf3 Nf6 2. d4 g6 3. g3 Bg7 4. Bg2 O-O 5. O-O d6 6. Re1 Nc6 7. e4 e5 8. d5 Ne7 9. c4 Nd7 10. Nc3 a5 11. Bd2 f5 12. Ng5 Nc5 13. Na4 h6 14.
Nxc5 hxg5 15. Ne6 Bxe6 16. dxe6 f4 17. Qg4 Nc6 18. Rad1 Qe7 19. Bc3 Rae8 20. Bh3 b6 21. a3 Nd8 22. c5 bxc5 23. Bxa5 Nxe6 24. Qxe6+ Qxe6 25. Bxe6+ Rxe6 26. Bxc7 Rff6 27. b4 cxb4 28. axb4 Rf7 29. Bxd6 Rb7 30. Bc5 Kf7 31. Rd8 Bf6 32.
Rf8+ Kg7 33. Rc8 Be7 34. Rc1 Bxc5 35. R1xc5 Ree7 36. b5 f3 37. h3 Red7 38. g4 Rd1+ 39.
Kh2 Rf7 40. R5c7 Rdd7 41. Rxd7 Rxd7 42. b6 Kf6 43. Rc6+ Ke7 44. Kg3 Rd3 45. Rxg6 Rb3 46. Rxg5 Kf6 47. Rf5+ Ke6 48. g5 1-0

[Event "Early-Titled-Tuesday-Blitz-January-30-2024"]
[Site "Chess.com"]
[Date "2024.01.30"]
[Round "3"]
[White "ketster"]
[Black "MaxLeto"]
[Result "1-0"]
[WhiteElo "2587"]
[BlackElo "2364"]
[TimeControl "180+1"]
[EndTime "8:30:30 PST"]
[Termination "ketster won on time"]

1. d4 d5 2. c4 e6 3. Nf3 Nf6 4.
g3 Be7 5. Bg2 O-O 6. Qc2 dxc4 7.
O-O a6 8. a4 Nc6 9. Qxc4 Nb4 10.
Bg5 b5 11. Qc1 Bb7 12. Nc3 bxa4 13. Nxa4 h6 14. Bf4 Nfd5 15. Be5 Bd6 16. Nc5 Bc6 17.
e4 Nb6 18. Rd1 Qe7 19. Qc3 a5 20. Ra3 Rfd8 21. Rda1 f6 22. Bf4 Bxf4 23. gxf4 f5 24. d5 exd5 25. exf5 d4 26. Nxd4 Bxg2 27. Kxg2 N6d5 28. Qc4 Kh8 29. Rf3 Qh4 30. Kh1 Nxf4 31. Nde6 Qg4 32. Qxf4 1-0

[Event "Early-Titled-Tuesday-Blitz-January-30-2024"]
[Site "Chess.com"]
[Date "2024.01.30"]
[Round "3"]
[White "ahkashefi2800"]
[Black "DonJuanEGenaro"]
[Result "0-1"]
[WhiteElo "2538"]
[BlackElo "2006"]
[TimeControl "180+1"]
[EndTime "8:30:30 PST"]
[Termination "DonJuanEGenaro won on time"]

1. Nf3 d5 2. g3 c6 3. Bg2 Nf6 4. O-O Bf5 5. c4 e6 6. Qb3 Qc8 7. d3 Nbd7 8. Nc3 Nc5 9. Qc2 a5 10. Re1 dxc4 11. Bg5 cxd3 12. Qd1 dxe2 13. Rxe2 Be7 14.
Qd4 Ncd7 15. Qh4 h6 16. Nd4 Bh7 17. Bxf6 Bxf6 18. Qg4 h5 19. Qxh5 Bxd4 20. Rxe6+ Kf8 21. Re2 Nf6 22. Qh4 Qg4 23. Qxg4 Nxg4 24. Ne4 Re8 25. Rd1 c5 26. h3 Nxf2 27. Rxd4 cxd4 28. Kxf2 Bxe4 29. Bxe4 g6 30. Kg2 Kg7 31. h4 Re5 32.
Kf3 Rhe8 33. b3 f5 34. Bd3 Re3+ 35. Kf2 Kf6 36. Rd2 Ke5 37. Bb5 Re7 38. Bc4 f4 39.
gxf4+ Kxf4 40. Rxd4+ R7e4 0-1

[Event "Early-Titled-Tuesday-Blitz-January-30-2024"]
[Site "Chess.com"]
[Date "2024.01.30"]
[Round "3"]
[White "Ati1517"]
[Black "Licancabur"]
[Result "1/2-1/2"]
[WhiteElo "2246"]
[BlackElo "2433"]
[TimeControl "180+1"]
[EndTime "8:30:30 PST"]
[Termination "Game drawn by repetition"]

1. e4 Nf6 2. e5 Nd5 3. c4 Nb6 4.
c5 Nd5 5. Bc4 e6 6. Nc3 Bxc5 7.
Nxd5 exd5 8. Bxd5 d6 9. exd6 O-O 10. Ne2 Qxd6 11. Bf3 Nc6 12. O-O Ne5 13. Be4 Ng4 14.
g3 Qh6 15. h4 Qe6 16. Qc2 Nf6 17. d3 Bb6 18. Nf4 Qd6 19. Be3 Nxe4 20. dxe4 Bg4 21. Bxb6 axb6 22. f3 Be6 23. Rad1 Qe7 24. b3 c6 25. Kg2 Ra5 26. Rd2 g5 27. hxg5 Rxg5 28. Rh1 Qf6 29. Nxe6 fxe6 30. Re2 Qxf3+ 31. Kg1 Qxg3+ 32.
Rg2 Qe1+ 33. Kh2 Qh4+ 34. Kg1 Qe1+ 35. Kh2 Qh4+ 36. Kg1 Qe1+ 1/2-1/2

[Event "Early-Titled-Tuesday-Blitz-January-30-2024"]
[Site "Chess.com"]
[Date "2024.01.30"]
[Round "3"]
[White "GothamChess"]
[Black "FormerProdigy"]
[Result "0-1"]
[WhiteElo "2748"]
[BlackElo "3028"]
[TimeControl "180+1"]
[EndTime "8:30:31 PST"]
[Termination "FormerProdigy won by resignation"]

1. e4 c6 2. d4 d5 3. f3 e6 4. Nc3 Bb4 5. a3 Bxc3+ 6. bxc3 dxe4 7. Nh3 Nf6 8. fxe4 e5 9. Nf2 O-O 10. Be2 c5 11. d5 Ne8 12. O-O Nd6 13. Be3 b6 14. a4 Ba6 15. a5 Bxe2 16. Qxe2 Nd7 17. a6 c4 18. Qh5 f5 19. exf5 Rxf5 20. Qh3 Qe7 21. Ng4 Raf8 22. Rxf5 Nxf5 23. Bf2 Qd6 24. Rd1 Nc5 25. Ne3 Nxe3 26. Bxe3 Nxa6 27. Qg4 Nc5 28.
Qxc4 Nd7 29. Qb5 Rc8 30. c4 h6 31. Ra1 Qc7 32. d6 Qxd6 33. Qd5+ Qxd5 34. cxd5 Rc7 35.
c4 Nf6 36. d6 Rd7 37. c5 bxc5 38. Bxc5 Ne4 39. Rxa7 Nxc5 0-1

[Event "Early-Titled-Tuesday-Blitz-January-30-2024"]
[Site "Chess.com"]
[Date "2024.01.30"]
[Round "3"]
[White "VitaliyBernadskiy"]
[Black "Aygehovit1992"]
[Result "1-0"]
[WhiteElo "2919"]
[BlackElo "2689"]
[TimeControl "180+1"]
[EndTime "8:30:31 PST"]
[Termination "VitaliyBernadskiy won by resignation"]

1. e4 c5 2. Nc3 Nc6 3. g3 g6 4. Bg2 Bg7 5. d3 Rb8 6. f4 b5 7. Nf3 b4 8. Ne2 e6 9. O-O Nge7 10. g4 f5 11. gxf5 exf5 12. Ng3 O-O 13. Kh1 d5 14. e5 d4 15. Qe2 Be6 16. Bd2 Qd7 17. b3 Bd5 18. h4 Nd8 19. h5 Ne6 20. Kg1 Bh6 21.
Nh4 Kf7 22. hxg6+ hxg6 23. Bxd5 Qxd5 24. a3 a5 25. axb4 cxb4 26. Rf2 Rg8 27. Raf1 Ke8 28. Rh2 Kd7 29. Ng2 Rh8 30. Ra1 Rbc8 31. Qd1 g5 32.
Nh5 Qa8 33. Bxb4 Nc6 34. Bd6 gxf4 35. Nf6+ Kd8 36. Qh5 Qb7 37. Qxf5 Qf7 38. b4 Nxb4 39. Rxa5 Nxc2 40. Rd5 f3 41. Bb8+ Ke7 42. Rd7+ Kf8 43.
Rxf7+ Kxf7 44. Nd5+ Kg7 45. Qf6+ 1-0

[Event "Early-Titled-Tuesday-Blitz-January-30-2024"]
[Site "Chess.com"]
[Date "2024.01.30"]
[Round "3"]
[White "MITerryble"]
[Black "Witik"]
[Result "1-0"]
[WhiteElo "2983"]
[BlackElo "2675"]
[TimeControl "180+1"]
[EndTime "8:30:31 PST"]
[Termination "MITerryble won by resignation"]

1. d4 d5 2. Nf3 Nf6 3. c4 c6 4.
Nc3 e6 5. Bg5 h6 6. Bxf6 Qxf6 7. e3 Nd7 8. Bd3 g6 9. Rc1 Qe7 10. O-O Bg7 11. a3 O-O 12. Qe2 dxc4 13. Bxc4 b5 14. Ba2 b4 15. axb4 Qxb4 16. Ne4 Rb8 17. Rc2 Qa5 18. Ra1 Ba6 19. Qd1 Qb6 20.
h4 Bb5 21. Bc4 Nf6 22. Nc5 Rfd8 23. Bxb5 cxb5 24. Ra6 Qc7 25. Nxe6 Qb7 26. Nxd8 Qxa6 27. Nc6 Re8 28. Nfe5 Qa2 29. b4 Qe6 30. Nxa7 Nd5 31. Nac6 Qf5 32. Rc5 Qe4 33. Qf3 Qb1+ 34. Kh2 Nf6 35.
Rxb5 h5 36. Rb7 Qb3 37. b5 Rf8 38. g3 Qe6 39. Kg2 Nd5 40. Kh2 Nf6 41. b6 Ra8 42. Ra7 Re8 43. b7 1-0

[Event "Early-Titled-Tuesday-Blitz-January-30-2024"]
[Site "Chess.com"]
[Date "2024.01.30"]
[Round "3"]
[White "1977Ivan"]
[Black "only_strong_moves"]
[Result "1-0"]
[WhiteElo "2795"]
[BlackElo "2531"]
[TimeControl "180+1"]
[EndTime "8:30:31 PST"]
[Termination "1977Ivan won by resignation"]

1. d4 Nf6 2. c4 e6 3. Nc3 Bb4 4. Qc2 d5 5. Bg5 h6 6. Bh4 c5 7. e3 Nc6 8. Nf3 cxd4 9. exd4 O-O 10. a3 Be7 11. c5 e5 12. dxe5 Ng4 13. Bg3 Bxc5 14.
O-O-O d4 15. h3 Ngxe5 16. Nxe5 Qg5+ 17. Kb1 dxc3 18. Qxc3 Bb6 19. h4 Bf5+ 20. Ka1 Qe7 21. Bc4 Na5 22. Ba2 Rac8 23. Qb4 Qxb4 24. axb4 Nc6 25.
Nxc6 Rxc6 26. Rhe1 Rfc8 27. Bd5 Rc2 28. Re7 Kh8 29. Rxf7 Bg6 30. Rxb7 Bd4 31. Rxd4 Rc1+ 32. Ka2 Bb1+ 33. Ka3 Bf5 34. Rb8 Ra1+ 35. Ba2 Rxb8 36. Bxb8 Bb1 37. b5 Rxa2+ 38. Kb3 Ra5 39. Kb4 Ra1 40. Rd7 Bf5 41. Rxa7 Rb1 42. Be5 Rf1 43. Bxg7+ Kg8 44. Bd4 Rxf2 45. Bxf2 1-0

[Event "Early-Titled-Tuesday-Blitz-January-30-2024"]
[Site "Chess.com"]
[Date "2024.01.30"]
[Round "3"]
[White "Mourinho_Jose"]
[Black "GelmanAlexander"]
[Result "0-1"]
[WhiteElo "2530"]
[BlackElo "2795"]
[TimeControl "180+1"]
[EndTime "8:30:31 PST"]
[Termination "GelmanAlexander won on time"]

1. e4 c5 2. Nf3 e6 3. c3 b6 4.
d4 Bb7 5. Bd3 Nf6 6. Qe2 d5 7. e5 Nfd7 8. O-O Nc6 9. Bg5 Qc7 10.
h4 h6 11. Bf4 Be7 12. h5 O-O-O 13. c4 Nb4 14. cxd5 Nxd5 15. Bg3 cxd4 16. Nbd2 Nc5 17. Rac1 Kb8 18. a3 a5 19. Ne4 a4 20. Rfd1 Rd7 21. Bb5 Rdd8 22. Rxd4 Rc8 23. Rxa4 Rhd8 24. b4 Nxe4 25.
Rxc7 Nxc7 26. Bc4 Nc3 27. Qc2 Nxa4 28. Qxa4 Bg5 29. Nxg5 hxg5 30. Kh2 Rd4 31. Be2 Nd5 32. Qb3 Rc3 33. Qb2 g4 34. Bf1 Rd1 35. Be2 Re1 36. Bxg4 Rcc1 0-1

[Event "Early-Titled-Tuesday-Blitz-January-30-2024"]
[Site "Chess.com"]
[Date "2024.01.30"]
[Round "3"]
[White "GMaka"]
[Black "BardArtem"]
[Result "0-1"]
[WhiteElo "2525"]
[BlackElo "2781"]
[TimeControl "180+1"]
[EndTime "8:30:31 PST"]
[Termination "BardArtem won by resignation"]

1. d4 Nf6 2. c4 b6 3. Nc3 Bb7 4.
f3 d5 5. cxd5 Nxd5 6. e4 Nxc3 7.
bxc3 g6 8. h4 h6 9. Be3 Bg7 10.
Qd2 c5 11. Bb5+ Kf8 12. Ne2 Nc6 13. h5 g5 14. g4 Rc8 15. Bxc6 Bxc6 16. d5 Bb5 17.
Rb1 Bc4 18. a4 Qd7 19. Qc2 e6 20. dxe6 Qxe6 21. Ng3 Rd8 22. Nf5 Be5 23. a5 Kg8 24.
axb6 axb6 25. Kf2 Bd3 26. Qb2 Bxb1 27. Rxb1 Kh7 28. Qxb6 Rb8 29. Qxe6 fxe6 30. Rxb8 Rxb8 31. Ne7 Rb2+ 32. Kf1 c4 33. Nc8 Rc2 34. Bd4 Bxd4 35. cxd4 c3 36. Ke1 Rd2 37. Nd6 Rxd4 38. Nb5 c2 39. Nxd4 c1=Q+ 40. Ke2 Qb2+ 41. Ke3 Qc3+ 0-1

[Event "Early-Titled-Tuesday-Blitz-January-30-2024"]
[Site "Chess.com"]
[Date "2024.01.30"]
[Round "3"]
[White "invisible_s0ul"]
[Black "Flaccidmoves"]
[Result "0-1"]
[WhiteElo "2241"]
[BlackElo "2461"]
[TimeControl "180+1"]
[EndTime "8:30:32 PST"]
[Termination "Flaccidmoves won on time"]

1. e4 Nf6 2. e5 Nd5 3. c4 Nb6 4. d4 d6 5. exd6 exd6 6. Nc3 Be7 7. Bd3 O-O 8. Qc2 g6 9. Nge2 Nc6 10. a3 Bf6 11.
Be3 d5 12. c5 Nc4 13. Bxc4 dxc4 14. Rd1 Bf5 15. Ne4 Bg7 16. N2g3 Bxe4 17. Qxe4 Re8 18. Qg4 Qd5 19. O-O Rad8 20. Ne2 Qe4 21. Qxe4 Rxe4 22. Nc3 Ree8 23. d5 Ne5 24. Bd4 Nd3 25. Bxg7 Kxg7 26. Rd2 Nxc5 27. Nb5 c6 28. Nxa7 Rxd5 29. Rxd5 cxd5 30.
Rd1 Nd3 31. Kf1 Nxb2 32. Rxd5 Nd3 33. g3 Re1+ 34. Kg2 Re2 35. Nb5 Rxf2+ 36. Kh3 Rb2 37. Nc3 h5 38. Ne4 Re2 39. Nc3 Rb2 0-1

[Event "Early-Titled-Tuesday-Blitz-January-30-2024"]
[Site "Chess.com"]
[Date "2024.01.30"]
[Round "3"]
[White "CarlosjPineror"]
[Black "tusplingher"]
[Result "1-0"]
[WhiteElo "2661"]
[BlackElo "2478"]
[TimeControl "180+1"]
[EndTime "8:30:33 PST"]
[Termination "CarlosjPineror won on time"]

1. e4 c5 2. Nf3 d6 3. d4 cxd4 4. Nxd4 Nf6 5. Nc3 a6 6. Bg5 Nbd7 7. f4 Qc7 8. Qe2 h6 9. Bh4 e6 10. O-O-O Be7 11. g4 g5 12. fxg5 Nh7 13. Kb1 hxg5 14. Bg3 Nhf8 15. Nf3 Ng6 16. Qd2 Nf4 17. Bxf4 gxf4 18.
Qxf4 b5 19. Ng5 Ne5 20. Bd3 Bb7 21. h4 O-O-O 22. Ne2 Kb8 23. Rdf1 Rc8 24. Rc1 d5 25. Nxf7 Nxf7 26. Qxf7 dxe4 27. Qxe6 exd3 28. cxd3 Qd6 29. Qxd6+ Bxd6 30. Rxc8+ Rxc8 31. Rg1 Rh8 32. h5 Be5 33.
Nc3 Bf3 34. Ne4 Bd4 35. Rg3 Be2 36. Kc2 Rf8 37. Kd2 Bf1 38. g5 Be5 39. Rg1 Bf4+ 40. Kc3 Be2 41. h6 Be5+ 42. Kd2 Bf3 43. Ke3 Bd4+ 44. Kxd4 1-0

[Event "Early-Titled-Tuesday-Blitz-January-30-2024"]
[Site "Chess.com"]
[Date "2024.01.30"]
[Round "3"]
[White "andrzej"]
[Black "Casper"]
[Result "1-0"]
[WhiteElo "2425"]
[BlackElo "2531"]
[TimeControl "180+1"]
[EndTime "8:30:33 PST"]
[Termination "andrzej won by resignation"]

1. e4 g6 2. d4 Bg7 3. Nc3 d6 4. Be3 Nf6 5. f3 Nc6 6. Qd2 O-O 7. O-O-O e5 8. d5 Nd4 9. Nge2 c5 10. dxc6 Nxc6 11. Qxd6 Be6 12. Qxd8 Rfxd8 13. Rxd8+ Rxd8 14. Bg5 Kf8 15. Nd5 Bxd5 16. exd5 Rxd5 17. Nc3 Rd7 18. Bb5 h6 19. Be3 Nd5 20. Bc5+ Ke8 21. Ne4 Nc7 22. Bxc6 bxc6 23. Bxa7 f5 24. Nc5 Re7 25. Bb8 Nb5 26.
Re1 Kf7 27. a4 Nc7 28. a5 e4 29. fxe4 Bd4 30. Bxc7 Bxc5 31. Bb6 Bxb6 32. axb6 fxe4 33.
b7 Rxb7 34. Rxe4 Kf6 35. b4 h5 36. Kd2 Kf5 37. Rc4 Rb6 38. Ke3 g5 39. Rc5+ Kf6 40.
Ke4 Ra6 41. c4 Rb6 42. b5 cxb5 43. cxb5 h4 44. Rc6+ Rxc6 45. bxc6 Ke6 46. h3 1-0

[Event "Early-Titled-Tuesday-Blitz-January-30-2024"]
[Site "Chess.com"]
[Date "2024.01.30"]
[Round "3"]
[White "kidagent"]
[Black "cristianserban1"]
[Result "0-1"]
[WhiteElo "2321"]
[BlackElo "2574"]
[TimeControl "180+1"]
[EndTime "8:30:35 PST"]
[Termination "cristianserban1 won by checkmate"]

1. c4 g6 2. g3 Bg7 3. Bg2 d6 4. Nf3 Nc6 5. O-O Bd7 6. Nc3 Qc8 7. Re1 Bh3 8. Bh1 e5 9. d3 h5 10. Ng5 Bg4 11. f3 Bd7 12. a3 a5 13. Rb1 h4 14.
Be3 Nge7 15. b4 axb4 16. axb4 Bh6 17. f4 hxg3 18. hxg3 Nf5 19. Bf2 Bxg5 20. fxg5 Ncd4 21. e3 Ne6 22. Ne4 Qd8 23. Qg4 Bc6 24. Nf6+ Kf8 25.
Bxc6 bxc6 26. Ra1 Kg7 27. e4 Nfd4 28. Bxd4 Nxd4 29. Rf1 Ne6 30. Rxa8 Qxa8 31. Nd7 Qa2 32. Rxf7+ Kxf7 33. Qf3+ Ke7 34. Qf6+ Kxd7 35. Qxh8 Qb1+ 36.
Kg2 Qc2+ 37. Kh3 Nxg5+ 38. Kg4 Nf7 39. Qf6 Qd1+ 40. Kh4 Qh5# 0-1

[Event "Early-Titled-Tuesday-Blitz-January-30-2024"]
[Site "Chess.com"]
[Date "2024.01.30"]
[Round "3"]
[White "AldokhinIvan"]
[Black "Cheer_Down"]
[Result "1-0"]
[WhiteElo "2637"]
[BlackElo "2464"]
[TimeControl "180+1"]
[EndTime "8:30:36 PST"]
[Termination "AldokhinIvan won by resignation"]

1. e4 c5 2. Nf3 d6 3. d4 cxd4 4.
Nxd4 Nf6 5. Nc3 a6 6. Bc4 e6 7. Bb3 Nc6 8. Be3 Be7 9. Qe2 O-O 10. O-O-O Nxd4 11. Rxd4 Qc7 12. g4 b5 13. g5 Nd7 14.
h4 Nc5 15. h5 Nxb3+ 16. axb3 b4 17.
Rxb4 d5 18. Rd4 dxe4 19. Nxe4 Bb7 20. Rg1 Qe5 21. Qd3 Rfd8 22. Nf6+ Bxf6 23. gxf6 Qxf6 24. h6 Rxd4 25. Qxd4 Qxd4 26. Bxd4 g6 27. Bf6 Kf8 28. Rd1 Ke8 29. c4 a5 30. Kc2 Bc6 31. Rd6 Bd7 32.
Kc3 Ra7 33. f4 Ra8 34. b4 axb4+ 35. Kxb4 Rb8+ 36. Kc3 Ba4 37. b4 Bd7 38. b5 Rb7 39.
Kb4 Rb8 40. Ra6 Bc8 41. Ra7 Bd7 42. Rc7 Rc8 43. Rxc8+ Bxc8 44. Kc5 Kd7 45. Kb6 e5 46. Bxe5 1-0